 Dungeon Crawl Stone Soup version 0.26.1-11-gd32895ea62 (webtiles) character file.

Game seed: 13300853528652911782

10 Zeld the Insei (level 2, 0/18 HPs)
             Began as an Octopode Transmuter on May 28, 2021.
             Slain by an orc
             ... wielding a +1 mace of protection
              (3 damage)
             ... on level 4 of the Dungeon.
             The game lasted 00:00:49 (405 turns).

Zeld the Insei (Octopode Transmuter)                 Turns: 405, Time: 00:00:49

Health: 0/18       AC:  1    Str:  9    XL:     2   Next: 20%
Magic:  4/5        EV: 13    Int: 15    God:
Gold:   22         SH:  0    Dex: 12    Spells: 2/5 levels left

rFire    . . .     SeeInvis .     - Unarmed
rCold    . . .     Faith    .   (no shield)
rNeg     . . .     Spirit   .   (helmet currently unavailable)
rPois    .         Reflect  .   (no amulet)
rElec    .         Harm     .   (no ring)
rCorr    .         Rampage  .   (no ring)
Will     .....                  (no ring)
Stlth    ++........             (no ring)
HPRegen  0.06/turn              (no ring)
MPRegen  0.09/turn              (no ring)
                                (no ring)
                                (no ring)

@: appendages
A: almost no armour, stealthy swim, amphibious, 8 rings, constrict 8, tentacle
spike 3, camouflage 1, gelatinous body 1
a: End Transformation


You were on level 4 of the Dungeon.
One of your tentacles had a temporary spike.
You visited 1 branch of the dungeon, and saw 4 of its levels.

You collected 22 gold pieces.

Inventory:

Scrolls
 a - a scroll of identify {unknown}


   Skills:
 + Level 1.2 Fighting
 + Level 2.1 Dodging
 - Level 3.0 Unarmed Combat
 * Level 2.2 Spellcasting
 * Level 2.3 Transmutations


You had 2 spell levels left.
You knew the following spells:

 Your Spells              Type           Power        Failure   Level
a - Beastly Appendage     Tmut           16%          9%          1
b - Wereblood             Tmut           8%           13%         2

Your spell library contained the following spells:

 Spells                   Type           Power        Failure   Level
 Spider Form              Tmut/Pois      2%           38%         3
 Ice Form                 Ice/Tmut       5%           80%         4
 Blade Hands              Tmut           4%           93%         5


Dungeon Overview and Level Annotations

Branches:
Dungeon (4/15)
 Temple: D:4-7

Altars:
Qazlal
Uskayaw


Innate Abilities, Weirdness & Mutations

You cannot wear most types of armour.
You are very stealthy in the water. (Stealth+)
You are amphibious.
You can wear up to eight rings at the same time.
You can use your tentacles to constrict eight enemies at once.
Your skin changes colour to match your surroundings (Stealth+).
Your rubbery body absorbs attacks. (AC +1, EV +1)
One of your tentacles bears a large vicious spike.


Message History

Your transformation is almost over.
You constrict the orc.
You kill the orc!
Unknown command.
You see here a +0 club.
Press: ? - help, v - describe, . - travel
Here: an orc, wielding a +1 mace of protection The floor.
You completely miss the orc. Your grab misses the orc.
You pierce the orc, but do no damage.
You tentacle-slap the orc, but do no damage.
Your tentacle spike disappears.
The orc barely misses you.
A quokka comes into view.
Found 9 poisoned darts.
Casting: Beastly Appendage (safe; 9% risk of failure)
Confirm with . or Enter, or press ? or * to list all spells.
One of your tentacles grows a vicious spike.
The orc hits you with a +1 mace of protection.
You die...

#..).# r..
...#....# .....
#.....)#+###.....
....#####..........
.... #..........
... #.........(
##..........
#...o.......
#...@.......
#...........
#...........
#...........
############


You could see an orc.

Vanquished Creatures
  2 orcs (D:4)
  3 hobgoblins
  2 kobolds
7 creatures vanquished.

Notes
Turn   | Place    | Note
-------+----------+-------------------------------------------
     0 | D:1      | Zeld the Octopode Transmuter began the quest for the Orb.
     0 | D:1      | Reached XP level 1. HP: 13/13 MP: 3/3
   229 | D:3      | Found a stormy altar of Qazlal.
   230 | D:3      | Noticed a water elemental
   232 | D:3      | Noticed an air elemental
   232 | D:3      | Noticed an earth elemental
   232 | D:3      | Noticed a fire elemental
   299 | D:3      | Noticed an orc wizard
   300 | D:4      | Found a hide-covered altar of Uskayaw.
   300 | D:4      | Noticed a +0 dagger
   300 | D:4      | Noticed a +0 dagger
   323 | D:4      | Reached XP level 2. HP: 6/18 MP: 3/5
   326 | D:4      | Learned a level 2 spell: Wereblood
   405 | D:4      | Slain by an orc

Illustrated notes

Levels and vault maps discovered:
D:1:      tarquinn_simple_flora_water_b, layout_basic, minmay_split_cup_large
D:2:      layout_loops_corners, uniq_jessica
D:3:      layout_rooms, lemuel_doored_altar, hangedman_decor_opposing,
          nicolae_qazlal_style_of_elements
D:4:      layout_gridville, nicolae_ru_awakened_eye, dancing_weapons_uskayaw,
          serial_park_tiny_1, uniq_grinder, uniq_blork_the_orc, uniq_eustachio,
          uniq_pikel

Action                   || total
-------------------------++-------
Melee: Unarmed           ||    16
       Constrict         ||     4
       Tentacles         ||     2
       Kick              ||     3
       Punch             ||     1
 Cast: Beastly Appendage ||     5
Armor: Skin              ||     1
Dodge: Dodged            ||    17
